[ AOE2 MATCH · #506038992 ]
UnrankedMagyars vs Huns
Player's team · WIN
Rival team · LOSS
[ REPLAY ANALYSIS · EXTRACTED FROM THE RECORDED GAME ]
Feudal
11:39
Castle
19:13
Imperial
—
| APM avg | 42.7 |
| APM peak | 64 |
| eAPM avg | 20.2 |
| Villagers / military | 55 / 42 |
Focus
⚔️ 42.0% · 🌾 58.0%
Archer ×18 · Cavalry Archer ×13 · Militia ×6 · Spearman ×5
Feudal
9:16
Castle
22:50
Imperial
—
| APM avg | 54.8 |
| APM peak | 75 |
| eAPM avg | 22.5 |
| Villagers / military | 50 / 19 |
Focus
⚔️ 31.3% · 🌾 68.7%
Scout Cavalry ×8 · Archer ×7 · Cavalry Archer ×2 · Knight ×1 · Skirmisher ×1
Match map
Initial resources + every placement click. Lines = walls · curves = elevation contours. ◆ gold · ⬟ stone · ● berries · ✦ relic · ◌ wall gap
Your base· Open — unwalled flank
ELDIAULO1312's base· Open — unwalled flank
Smoothed initial terrain · ◌ = detected wall gap · hover for details
Inputs per minute
— Soma - - ELDIAULO1312
Build order — Soma
First 150 of 171 actions detected
| 0:01 | Create | Villager (Male) ×4 |
| 0:01 | Create | Villager (Male) ×4 |
| 0:02 | Build | House |
| 0:04 | Build | House |
| 1:24 | Create | Villager (Male) |
| 1:50 | Build | Lumber Camp |
| 1:59 | Create | Villager (Male) |
| 1:59 | Create | Villager (Male) |
| 2:16 | Create | Villager (Male) |
| 2:44 | Create | Villager (Male) |
| 3:04 | Build | House |
| 3:12 | Create | Villager (Male) |
| 3:31 | Create | Villager (Male) |
| 3:32 | Create | Villager (Male) |
| 3:32 | Create | Villager (Male) |
| 3:54 | Create | Villager (Male) |
| 3:55 | Create | Villager (Male) |
| 4:33 | Create | Villager (Male) |
| 4:34 | Create | Villager (Male) |
| 4:45 | Build | Barracks |
| 4:57 | Create | Villager (Male) |
| 5:17 | Build | House |
| 5:21 | Create | Villager (Male) |
| 5:21 | Create | Villager (Male) |
| 5:43 | Create | Militia |
| 5:43 | Create | Militia |
| 5:43 | Create | Militia |
| 5:44 | Create | Militia |
| 5:49 | Build | Mill |
| 5:59 | Create | Militia |
| 5:59 | Create | Militia |
| 6:12 | Build | House |
| 6:19 | Create | Villager (Male) |
| 6:20 | Create | Villager (Male) |
| 6:46 | Create | Villager (Male) |
| 7:01 | Build | Mill |
| 7:05 | Create | Villager (Male) |
| 7:23 | Create | Villager (Male) |
| 7:45 | Create | Villager (Male) |
| 8:11 | Build | Farm |
| 8:37 | Create | Villager (Male) |
| 8:40 | Build | Farm |
| 8:41 | Build | Farm |
| 9:04 | Create | Villager (Male) |
| 9:09 | Build | House |
| 9:21 | Research | Feudal Age |
| 9:21 | Research | Feudal Age |
| 9:40 | Build | House |
| 9:52 | Build | Lumber Camp |
| 10:25 | Build | Mining Camp |
| 11:39 | Age | Feudal Age |
| 11:40 | Build | Archery Range |
| 11:42 | Research | Man-at-Arms (upgrade) |
| 11:42 | Research | Man-at-Arms (upgrade) |
| 11:46 | Create | Villager (Male) |
| 12:00 | Create | Villager (Male) |
| 12:01 | Research | Double-Bit Axe |
| 12:02 | Research | Double-Bit Axe |
| 12:23 | Research | Loom |
| 12:23 | Research | Loom |
| 12:38 | Create | Spearman |
| 12:50 | Create | Archer |
| 12:50 | Create | Archer |
| 13:00 | Create | Villager (Male) |
| 13:02 | Build | Farm |
| 13:03 | Build | Farm |
| 13:13 | Create | Spearman |
| 13:17 | Create | Villager (Male) |
| 13:24 | Build | Farm |
| 13:25 | Create | Villager (Male) |
| 13:43 | Create | Villager (Male) |
| 13:47 | Create | Archer |
| 13:47 | Create | Archer |
| 13:47 | Create | Archer |
| 13:55 | Build | Farm |
| 14:00 | Build | House |
| 14:01 | Build | Palisade Wall |
| 14:03 | Create | Villager (Male) |
| 14:06 | Build | House |
| 14:10 | Build | Palisade Wall |
| 14:11 | Build | Palisade Wall |
| 14:13 | Create | Villager (Male) |
| 14:17 | Build | Palisade Wall |
| 14:19 | Build | Palisade Wall |
| 14:24 | Build | Farm |
| 14:24 | Create | Villager (Male) |
| 14:26 | Create | Archer |
| 14:26 | Create | Archer |
| 14:26 | Create | Archer |
| 14:41 | Create | Villager (Male) |
| 14:44 | Build | Farm |
| 14:57 | Build | Palisade Gate |
| 15:00 | Create | Villager (Male) |
| 15:04 | Build | House |
| 15:05 | Build | Palisade Wall |
| 15:07 | Build | Palisade Wall |
| 15:13 | Build | Farm |
| 15:14 | Create | Villager (Male) |
| 15:14 | Create | Archer |
| 15:23 | Create | Villager (Male) |
| 15:37 | Build | Blacksmith |
| 15:52 | Build | Farm |
| 15:53 | Build | Farm |
| 15:53 | Build | Farm |
| 15:53 | Build | Farm |
| 15:53 | Build | Farm |
| 15:54 | Build | Farm |
| 15:54 | Build | Farm |
| 16:21 | Build | Farm |
| 16:33 | Research | Castle Age |
| 16:33 | Research | Castle Age |
| 16:33 | Research | Castle Age |
| 17:01 | Build | Archery Range |
| 17:15 | Build | House |
| 17:17 | Create | Archer |
| 17:17 | Create | Archer |
| 17:17 | Create | Archer |
| 17:21 | Research | Padded Archer Armor |
| 17:21 | Research | Padded Archer Armor |
| 17:31 | Build | Farm |
| 17:34 | Research | Horse Collar |
| 17:34 | Research | Horse Collar |
| 17:34 | Research | Horse Collar |
| 17:37 | Create | Archer |
| 17:37 | Create | Archer |
| 18:04 | Create | Archer |
| 18:04 | Create | Archer |
| 18:09 | Research | Gold Mining |
| 18:10 | Research | Gold Mining |
| 18:12 | Research | Fletching |
| 18:12 | Research | Fletching |
| 18:12 | Research | Fletching |
| 18:22 | Build | Farm |
| 18:23 | Create | Archer |
| 18:24 | Create | Archer |
| 19:13 | Age | Castle Age |
| 19:13 | Research | Crossbowman (upgrade) |
| 19:14 | Research | Crossbowman (upgrade) |
| 19:33 | Research | Bodkin Arrow |
| 19:33 | Research | Bodkin Arrow |
| 19:37 | Build | University |
| 19:42 | Create | Cavalry Archer |
| 19:42 | Create | Cavalry Archer |
| 19:58 | Create | Villager (Male) |
| 19:58 | Create | Villager (Male) |
| 20:00 | Create | Cavalry Archer |
| 20:01 | Create | Cavalry Archer |
| 20:03 | Create | Villager (Male) |
| 20:03 | Create | Villager (Male) |
| 20:20 | Create | Cavalry Archer |
Build order — ELDIAULO1312
140 actions detected in the replay
| 0:01 | Create | Villager (Male) |
| 0:01 | Create | Villager (Male) |
| 0:02 | Create | Villager (Male) |
| 0:02 | Create | Villager (Male) |
| 1:28 | Create | Villager (Male) |
| 1:28 | Create | Villager (Male) |
| 1:56 | Create | Villager (Male) |
| 1:56 | Create | Villager (Male) |
| 2:14 | Create | Villager (Male) |
| 2:41 | Create | Villager (Male) |
| 2:58 | Create | Villager (Male) |
| 2:58 | Create | Villager (Male) |
| 3:17 | Build | Lumber Camp |
| 3:33 | Create | Villager (Male) |
| 4:01 | Create | Villager (Male) |
| 4:01 | Create | Villager (Male) |
| 4:52 | Create | Villager (Male) |
| 5:01 | Build | Mill |
| 5:11 | Create | Villager (Male) |
| 5:41 | Create | Villager (Male) |
| 6:08 | Research | Loom |
| 6:13 | Create | Villager (Male) |
| 6:23 | Research | Loom |
| 7:04 | Research | Feudal Age |
| 7:39 | Create | Villager (Male) |
| 8:04 | Build | Barracks |
| 8:22 | Build | Palisade Wall |
| 8:23 | Build | Palisade Wall |
| 9:16 | Age | Feudal Age |
| 9:18 | Create | Villager (Male) |
| 9:29 | Create | Villager (Male) |
| 9:39 | Build | Stable |
| 9:48 | Build | Stable |
| 9:52 | Create | Villager (Male) |
| 9:59 | Research | Double-Bit Axe |
| 10:14 | Research | Horse Collar |
| 10:31 | Create | Scout Cavalry |
| 10:37 | Build | Farm |
| 10:56 | Build | Farm |
| 11:07 | Create | Villager (Male) |
| 11:08 | Create | Villager (Male) |
| 11:10 | Build | Farm |
| 11:13 | Build | Farm |
| 11:26 | Build | Farm |
| 11:30 | Build | Farm |
| 11:37 | Build | Farm |
| 11:37 | Create | Villager (Male) |
| 11:38 | Create | Villager (Male) |
| 11:47 | Build | Palisade Wall |
| 11:52 | Build | Farm |
| 12:00 | Build | Farm |
| 12:01 | Create | Villager (Male) |
| 12:02 | Create | Villager (Male) |
| 12:17 | Build | Farm |
| 12:26 | Build | Palisade Wall |
| 12:33 | Build | Farm |
| 12:33 | Create | Villager (Male) |
| 12:38 | Create | Villager (Male) |
| 12:50 | Create | Villager (Male) |
| 12:51 | Create | Villager (Male) |
| 12:53 | Build | Farm |
| 13:06 | Create | Villager (Male) |
| 13:17 | Build | Palisade Wall |
| 13:18 | Build | Palisade Wall |
| 13:20 | Build | Palisade Wall |
| 13:24 | Build | Palisade Wall |
| 13:29 | Build | Palisade Wall |
| 13:33 | Create | Villager (Male) |
| 14:08 | Build | Palisade Wall |
| 14:09 | Build | Palisade Wall |
| 14:12 | Build | Palisade Wall |
| 14:17 | Build | Palisade Wall |
| 14:19 | Build | Palisade Wall |
| 14:22 | Build | Palisade Wall |
| 14:24 | Create | Villager (Male) |
| 14:27 | Build | Lumber Camp |
| 14:48 | Create | Scout Cavalry |
| 14:49 | Create | Scout Cavalry |
| 15:11 | Build | Archery Range |
| 15:13 | Create | Villager (Male) |
| 15:13 | Create | Villager (Male) |
| 15:16 | Create | Villager (Male) |
| 15:19 | Create | Scout Cavalry |
| 15:29 | Research | Wheelbarrow |
| 15:39 | Build | Mining Camp |
| 15:54 | Create | Archer |
| 15:55 | Create | Archer |
| 15:57 | Create | Villager (Male) |
| 15:59 | Create | Scout Cavalry |
| 16:24 | Create | Scout Cavalry |
| 16:25 | Create | Villager (Male) |
| 16:34 | Build | Blacksmith |
| 16:40 | Build | Palisade Wall |
| 16:44 | Create | Scout Cavalry |
| 16:48 | Create | Archer |
| 16:48 | Create | Skirmisher |
| 17:04 | Build | Palisade Wall |
| 17:22 | Build | Palisade Wall |
| 17:25 | Create | Scout Cavalry |
| 17:30 | Create | Archer |
| 17:37 | Build | Palisade Gate |
| 17:53 | Create | Villager (Male) |
| 17:54 | Create | Villager (Male) |
| 18:16 | Create | Villager (Male) |
| 18:24 | Build | Palisade Wall |
| 18:36 | Create | Archer |
| 18:36 | Create | Archer |
| 18:49 | Build | Palisade Wall |
| 18:54 | Build | Palisade Wall |
| 18:57 | Research | Fletching |
| 19:05 | Build | Market |
| 19:05 | Create | Villager (Male) |
| 19:10 | Build | Palisade Wall |
| 19:12 | Build | Farm |
| 19:13 | Build | Farm |
| 19:14 | Build | Farm |
| 19:21 | Build | Palisade Gate |
| 19:23 | Create | Villager (Male) |
| 19:58 | Create | Archer |
| 20:03 | Build | Archery Range |
| 20:10 | Research | Castle Age |
| 20:37 | Build | Watch Tower |
| 21:04 | Build | Watch Tower |
| 21:08 | Build | Watch Tower |
| 21:18 | Build | Stone Wall |
| 21:18 | Build | Stone Wall |
| 21:54 | Build | Palisade Gate |
| 22:05 | Build | Barracks |
| 22:19 | Create | Villager (Male) |
| 22:27 | Create | Villager (Male) |
| 22:33 | Build | Farm |
| 22:37 | Build | Farm |
| 22:38 | Build | Farm |
| 22:49 | Build | Palisade Gate |
| 22:50 | Age | Castle Age |
| 22:52 | Create | Knight |
| 22:54 | Create | Cavalry Archer |
| 22:54 | Create | Cavalry Archer |
| 23:29 | Create | Villager (Male) |
| 23:29 | Create | Villager (Male) |
Match timeline
| 4:45 | Soma · first_building Barracks |
| 8:04 | ELDIAULO1312 · first_building Barracks |
| 8:22 | ELDIAULO1312 · wall_segment Palisade Wall x1 |
| 8:23 | ELDIAULO1312 · wall_segment Palisade Wall x1 |
| 9:16 | ELDIAULO1312 · age_up feudal |
| 9:39 | ELDIAULO1312 · first_building Stable |
| 11:39 | Soma · age_up feudal |
| 11:40 | Soma · first_building Archery Range |
| 11:47 | ELDIAULO1312 · wall_segment Palisade Wall x3 |
| 12:26 | ELDIAULO1312 · wall_segment Palisade Wall x2 |
| 13:17 | ELDIAULO1312 · wall_segment Palisade Wall x1 |
| 13:18 | ELDIAULO1312 · wall_segment Palisade Wall x1 |
| 13:20 | ELDIAULO1312 · wall_segment Palisade Wall x1 |
| 13:24 | ELDIAULO1312 · wall_segment Palisade Wall x1 |
| 13:29 | ELDIAULO1312 · wall_segment Palisade Wall x1 |
| 14:01 | Soma · wall_segment Palisade Wall x10 |
| 14:08 | ELDIAULO1312 · wall_segment Palisade Wall x1 |
| 14:09 | ELDIAULO1312 · wall_segment Palisade Wall x1 |
| 14:10 | Soma · wall_segment Palisade Wall x8 |
| 14:11 | Soma · wall_segment Palisade Wall x1 |
| 14:12 | ELDIAULO1312 · wall_segment Palisade Wall x1 |
| 14:17 | Soma · wall_segment Palisade Wall x4 |
| 14:17 | ELDIAULO1312 · wall_segment Palisade Wall x1 |
| 14:19 | Soma · wall_segment Palisade Wall x9 |
| 14:19 | ELDIAULO1312 · wall_segment Palisade Wall x1 |
| 14:22 | ELDIAULO1312 · wall_segment Palisade Wall x1 |
| 15:05 | Soma · wall_segment Palisade Wall x1 |
| 15:07 | Soma · wall_segment Palisade Wall x1 |
| 15:11 | ELDIAULO1312 · first_building Archery Range |
| 16:40 | ELDIAULO1312 · wall_segment Palisade Wall x1 |
| 17:04 | ELDIAULO1312 · wall_segment Palisade Wall x9 |
| 17:22 | ELDIAULO1312 · wall_segment Palisade Wall x8 |
| 18:24 | ELDIAULO1312 · wall_segment Palisade Wall x4 |
| 18:49 | ELDIAULO1312 · wall_segment Palisade Wall x13 |
| 18:54 | ELDIAULO1312 · wall_segment Palisade Wall x1 |
| 19:10 | ELDIAULO1312 · wall_segment Palisade Wall x2 |
| 19:13 | Soma · age_up castle |
| 20:42 | ELDIAULO1312 · first_market_sell 100 food |
| 20:43 | ELDIAULO1312 · first_market_buy 100 stone |
| 21:18 | ELDIAULO1312 · wall_segment Stone Wall x1 |
| 21:18 | ELDIAULO1312 · wall_segment Stone Wall x1 |
| 22:50 | ELDIAULO1312 · age_up castle |
| 23:42 | ELDIAULO1312 · resign |
[ AI ANALYSIS · 1 CREDIT ]
What really happened in this match?
Wolo.gg analyzes every decision: build order, eco, micro, common mistakes by bracket. Personalized analysis on WhatsApp or Discord in 30 seconds.
Civ guide
Magyars
Perfil
Jugador #4137222